[Event "Early-Titled-Tuesday-Blitz-November-28-2023"]
[Site "Chess.com"]
[Date "2023.11.28"]
[Round "1"]
[White "inagreV"]
[Black "Abund"]
[Result "0-1"]
[WhiteElo "2443"]
[BlackElo "2789"]
[TimeControl "180+1"]
[EndTime "8:05:56 PST"]
[Termination "Abund won by resignation"]

1. e4 e5 2. Nf3 Nc6 3. Bc4 Bc5 4.
d3 Nf6 5. c3 O-O 6. b4 Be7 7. Bg5 d6 8. Nbd2 Be6 9. h3 d5 10. Bxf6 Bxf6 11. exd5 Bxd5 12. Qe2 Re8 13. Ne4 Be7 14. O-O Bf8 15. Rfe1 a6 16. Ng3 Bxc4 17. dxc4 e4 18. Nd2 g6 19. f3 e3 20. Nde4 f5 21.
c5 fxe4 22. Qc4+ Kh8 23. Nxe4 Ne5 24. Qb3 Bh6 25. Rad1 Qh4 26. Rd5 Qxe1+ 0-1

[Event "Early-Titled-Tuesday-Blitz-November-28-2023"]
[Site "Chess.com"]
[Date "2023.11.28"]
[Round "1"]
[White "Matols"]
[Black "Wizard_97"]
[Result "0-1"]
[WhiteElo "2350"]
[BlackElo "2651"]
[TimeControl "180+1"]
[EndTime "8:05:56 PST"]
[Termination "Wizard_97 won by resignation"]

1. d4 Nf6 2. c4 e6 3. g3 c5 4. d5 b5 5. Bg2 Bb7 6. e4 bxc4 7. Nc3 exd5 8. exd5 d6 9. Nf3 Nbd7 10. O-O Be7 11. Re1 O-O 12. Qe2 Re8 13. Qxc4 Nb6 14. Qd3 Rb8 15. Nh4 Qd7 16. Nf5 Bf8 17. Bg5 c4 18.
Qc2 Nfxd5 19. Rxe8 Rxe8 20. Rd1 Nxc3 21. bxc3 Bxg2 22.
Kxg2 Qb7+ 23. Kg1 Qf3 24. Be3 Nd5 25. Bd4 Re2 26. Qb1 Nxc3 27. Bxc3 Qxf2+ 0-1

[Event "Early-Titled-Tuesday-Blitz-November-28-2023"]
[Site "Chess.com"]
[Date "2023.11.28"]
[Round "1"]
[White "AljoschaFeuerstack"]
[Black "LuisFSiles"]
[Result "1-0"]
[WhiteElo "2645"]
[BlackElo "2339"]
[TimeControl "180+1"]
[EndTime "8:05:58 PST"]
[Termination "AljoschaFeuerstack won by resignation"]

1. e4 c5 2. Nf3 Nc6 3. d3 g6 4. g3 Bg7 5. Bg2 d6 6. O-O Nf6 7. Re1 Bg4 8. h3 Bxf3 9. Bxf3 O-O 10. c3 e5 11. a3 h6 12. b4 b6 13. Be3 a5 14. b5 Ne7 15. Nd2 Ra7 16. Nc4 Ne8 17. Qd2 Kh7 18. Bg2 f5 19. f4 exf4 20. Bxf4 d5 21. exd5 Nxd5 22. Bxd5 Qxd5 23. Nxb6 Qb7 24.
Re6 Nc7 25. Re7 Qxb6 26. Bxh6 Rg8 27. Rae1 Nd5 28. Bxg7 Rxg7 29. R7e6 Qd8 30. c4 Nf6 31. Qg5 Nh5 32. Qxd8 1-0

[Event "Early-Titled-Tuesday-Blitz-November-28-2023"]
[Site "Chess.com"]
[Date "2023.11.28"]
[Round "1"]
[White "Kapitan_Bayan"]
[Black "LouieKov2022"]
[Result "0-1"]
[WhiteElo "2290"]
[BlackElo "2612"]
[TimeControl "180+1"]
[EndTime "8:05:58 PST"]
[Termination "LouieKov2022 won by resignation"]

1. e4 c5 2. Nf3 d6 3. d4 cxd4 4. Nxd4 Nf6 5. Nc3 a6 6. Bg5 e6 7.
f4 Be7 8. Qf3 Qc7 9. O-O-O Nbd7 10. g4 b5 11. Bxf6 Nxf6 12. g5 Nd7 13. f5 Bxg5+ 14.
Kb1 Ne5 15. Qh5 h6 16. Nxe6 Bxe6 17. fxe6 g6 18. exf7+ Kxf7 19. Qh3 Kg7 20. Nd5 Qc5 21. Qg2 Rhf8 22. c3 Rf2 23. Qg3 Raf8 24. h4 R8f3 25.
Qg1 Be3 26. Nxe3 Qxe3 27. a4 0-1

[Event "Early-Titled-Tuesday-Blitz-November-28-2023"]
[Site "Chess.com"]
[Date "2023.11.28"]
[Round "1"]
[White "only_strong_moves"]
[Black "Grandelicious"]
[Result "0-1"]
[WhiteElo "2498"]
[BlackElo "2903"]
[TimeControl "180+1"]
[EndTime "8:05:59 PST"]
[Termination "Grandelicious won by resignation"]

1. d4 Nf6 2. Nc3 d5 3. Bf4 a6 4. e3 e6 5. a3 c5 6. Nf3 Nc6 7. Be2 b5 8. O-O Bb7 9. Ne5 Bd6 10. Nxc6 Bxc6 11. Bxd6 Qxd6 12. dxc5 Qxc5 13. Qd4 Qxd4 14. exd4 Ke7 15. f4 g6 16. Rfe1 Rhc8 17. Bd3 Rab8 18.
Ne2 a5 19. Ng3 Kf8 20. h3 Be8 21. b4 Ra8 22. Reb1 Rc7 23. a4 bxa4 24. b5 Rb7 25. Rxa4 Bd7 26. Ne2 Ne8 27. c4 dxc4 28. Bxc4 Nd6 29.
Nc3 Rc8 0-1

[Event "Early-Titled-Tuesday-Blitz-November-28-2023"]
[Site "Chess.com"]
[Date "2023.11.28"]
[Round "1"]
[White "wannabe2700"]
[Black "becemix"]
[Result "0-1"]
[WhiteElo "2618"]
[BlackElo "2347"]
[TimeControl "180+1"]
[EndTime "8:05:59 PST"]
[Termination "becemix won by checkmate"]

1. e4 c5 2. Nf3 d6 3. d4 cxd4 4. Nxd4 Nf6 5. Nc3 a6 6. h4 e5 7.
Nb3 h5 8. Bg5 Be6 9. Bxf6 Qxf6 10. Nd5 Qd8 11. Qd2 Nd7 12. O-O-O Nf6 13. Nxf6+ Qxf6 14.
Qb4 Be7 15. Qxb7 O-O 16. Qb6 Rfb8 17. Qe3 a5 18. g3 a4 19. Nd2 Bxa2 20. Bc4 a3 21.
Bxa2 axb2+ 22. Kb1 d5 23. c3 Rxa2 24. exd5 Qa6 25. Qe4 Ra4 26. Qxe5 Qd3# 0-1

[Event "Early-Titled-Tuesday-Blitz-November-28-2023"]
[Site "Chess.com"]
[Date "2023.11.28"]
[Round "1"]
[White "NCchamp"]
[Black "Goryachkina"]
[Result "1-0"]
[WhiteElo "2348"]
[BlackElo "2621"]
[TimeControl "180+1"]
[EndTime "8:06:01 PST"]
[Termination "NCchamp won by resignation"]

1. e4 c6 2. d4 d5 3. e5 Bf5 4. h4 Qc7 5. c4 dxc4 6. Bxc4 e6 7. Nc3 h6 8. g4 Bh7 9. f4 Ne7 10. Nge2 Nd7 11. Ng3 Nb6 12. Bd3 Bxd3 13. Qxd3 Ned5 14. Nge4 h5 15. g5 O-O-O 16. O-O f5 17. exf6 gxf6 18. gxf6 Bd6 19. Ne2 Rhg8+ 20. Kh1 Rg4 21. Qh3 Bxf4 22. Bxf4 Nxf4 23. Nxf4 Rxf4 24. Qxe6+ Kb8 25.
Rxf4 Qxf4 26. Qe5+ Qxe5 27. dxe5 Kc7 28. Ng5 Rd2 29. f7 1-0

[Event "Early-Titled-Tuesday-Blitz-November-28-2023"]
[Site "Chess.com"]
[Date "2023.11.28"]
[Round "1"]
[White "CristianS27"]
[Black "talaicito"]
[Result "1-0"]
[WhiteElo "2569"]
[BlackElo "2208"]
[TimeControl "180+1"]
[EndTime "8:06:02 PST"]
[Termination "CristianS27 won on time"]

1. e4 c5 2. Nf3 d6 3. d4 cxd4 4. Nxd4 Nf6 5. Nc3 g6 6. Be3 Bg7 7. f3 O-O 8. Qd2 Nc6 9. Bc4 Bd7 10. O-O-O Rc8 11. Bb3 Nxd4 12. Bxd4 b5 13. Nd5 Nxd5 14. Bxg7 Kxg7 15. exd5 a5 16. a3 Qb6 17. g4 h5 18. h3 b4 19. a4 Kg8 20. gxh5 Bf5 21. hxg6 fxg6 22. Rhg1 Kh7 23. Rde1 Rc7 24. Qg5 Rf7 25.
Re6 Rg7 26. Re2 Qc5 27. Rge1 Kg8 28. Rxe7 Rgxe7 29. Rxe7 1-0

[Event "Early-Titled-Tuesday-Blitz-November-28-2023"]
[Site "Chess.com"]
[Date "2023.11.28"]
[Round "1"]
[White "Auger_Pi"]
[Black "Der_Balak_3Halak"]
[Result "1-0"]
[WhiteElo "2619"]
[BlackElo "2307"]
[TimeControl "180+1"]
[EndTime "8:06:03 PST"]
[Termination "Auger_Pi won by resignation"]

1. e4 c6 2. d4 d5 3. e5 g6 4. Bd3 Nh6 5. Ne2 Bf5 6. Bxh6 Bxd3 7. Bxf8 Bxe2 8. Qxe2 Rxf8 9. O-O e6 10. f4 Nd7 11.
Nd2 Qb6 12. Nb3 O-O-O 13. Rac1 Kb8 14. c4 Rc8 15. c5 Qb5 16. Qxb5 cxb5 17. g4 Rc6 18. f5 gxf5 19. gxf5 f6 20. Na5 Ra6 21. c6 bxc6 22. Nxc6+ Kb7 23. fxe6 Rxc6 24. exd7 Rd8 25. Rxc6 Kxc6 26. e6 Kd6 27. Rxf6 Ke7 28. Rh6 Rg8+ 29. Kf2 Rf8+ 30. Ke3 Rg8 31. Kf4 Rf8+ 32. Ke5 Rg8 33. Rxh7+ Kd8 34. Kd6 Re8 1-0

[Event "Early-Titled-Tuesday-Blitz-November-28-2023"]
[Site "Chess.com"]
[Date "2023.11.28"]
[Round "1"]
[White "GMKrikor"]
[Black "SHIVACalypso"]
[Result "1-0"]
[WhiteElo "2783"]
[BlackElo "2438"]
[TimeControl "180+1"]
[EndTime "8:06:06 PST"]
[Termination "GMKrikor won by resignation"]

1. Nf3 f6 2. e4 b6 3. d4 Bb7 4. Nc3 d6 5. Bc4 c5 6. O-O Nc6 7. Re1 cxd4 8. Nxd4 Nxd4 9. Qxd4 e5 10. Qd3 Ne7 11. Be3 Rc8 12. Rad1 Nc6 13. a3 Be7 14. Ba2 Qc7 15. Nb5 Qb8 16. Nxd6+ Bxd6 17. Qxd6 Qxd6 18. Rxd6 Ke7 19. Re6+ Kd7 20. Rd1+ Kc7 21. Bd5 Rhd8 22. g4 Rd7 23. c4 Rf8 24. c5 Nd8 25. cxb6+ axb6 26. Bxb6+ Kb8 27. Bxd8 Rfxd8 28. Rb6 Ka7 29. Rb5 Rc8 30.
Rxb7+ Rxb7 31. Bxb7 Kxb7 32. Rd7+ Kb6 33. Rxg7 Rc4 34.
f3 Rc2 35. Rxh7 Kc5 36. Rc7+ 1-0

[Event "Early-Titled-Tuesday-Blitz-November-28-2023"]
[Site "Chess.com"]
[Date "2023.11.28"]
[Round "1"]
[White "igorkovalenko"]
[Black "stasOR4ik"]
[Result "0-1"]
[WhiteElo "2900"]
[BlackElo "2516"]
[TimeControl "180+1"]
[EndTime "8:06:09 PST"]
[Termination "stasOR4ik won by resignation"]

1. c4 c6 2. Nf3 d5 3. e3 Nf6 4. Nc3 Nbd7 5. Qc2 e6 6. cxd5 exd5 7. b3 Bd6 8. Bb2 O-O 9. Be2 Re8 10. a3 a5 11. d3 Nf8 12. h3 b5 13. Rc1 Bb7 14. d4 N8d7 15. a4 b4 16. Nb1 c5 17. Nbd2 Ba6 18.
Bxa6 Rxa6 19. O-O Rc6 20. Qd3 Qb6 21. Qf5 Qc7 22. dxc5 Bxc5 23. Nd4 Bxd4 24. Rxc6 Qxc6 25. Bxd4 Ne4 26. Nxe4 Rxe4 27. Qg5 f6 28. Qh5 Nf8 29. Qd1 Re8 30. Qg4 Rc8 31. Bb2 Qe6 32. Qg3 Rc2 33.
Bd4 h6 34. Qb8 Qc8 35. Qb5 Rc1 36. Qxd5+ Kh8 37. Rxc1 Qxc1+ 38. Kh2 Qc7+ 39. f4 Ng6 40. Qf5 Ne7 41. Qxa5 Qxa5 0-1

[Event "Early-Titled-Tuesday-Blitz-November-28-2023"]
[Site "Chess.com"]
[Date "2023.11.28"]
[Round "1"]
[White "salomez"]
[Black "Alexchess1984"]
[Result "0-1"]
[WhiteElo "2402"]
[BlackElo "2703"]
[TimeControl "180+1"]
[EndTime "8:06:11 PST"]
[Termination "Alexchess1984 won on time"]

1. d4 Nf6 2. e3 d5 3. Nf3 g6 4.
Be2 Bg7 5. b3 O-O 6. Bb2 Ne4 7.
O-O c5 8. c4 dxc4 9. Bxc4 Nc6 10. Nbd2 Nxd2 11. Qxd2 cxd4 12. exd4 Bg4 13. Rad1 Bxf3 14.
gxf3 Rc8 15. Rfe1 Qd6 16. d5 Ne5 17. Bxe5 Bxe5 18. h3 Bf6 19. Re4 a6 20. a4 Qd7 21.
Kg2 b5 22. axb5 axb5 23. Bf1 Rc3 24. b4 Ra8 25. Qe2 Raa3 26. Qxb5 Qf5 27. Qb8+ Kg7 28. Be2 Rxf3 29. Bxf3 Qxf3+ 30. Kg1 Qxd1+ 0-1

[Event "Early-Titled-Tuesday-Blitz-November-28-2023"]
[Site "Chess.com"]
[Date "2023.11.28"]
[Round "1"]
[White "MajorCoast"]
[Black "Fh2411"]
[Result "0-1"]
[WhiteElo "2219"]
[BlackElo "2575"]
[TimeControl "180+1"]
[EndTime "8:06:11 PST"]
[Termination "Fh2411 won by checkmate"]

1. h3 d5 2. Nf3 c6 3. d4 Bf5 4. Bf4 Qb6 5. Qc1 Nd7 6. c3 h6 7. e3 Ngf6 8. a4 a5 9. Be2 e6 10. O-O Be7 11. Kh2 g5 12. Be5 g4 13. Nh4 Nxe5 14.
dxe5 Qc7 15. f4 Bxb1 16. Qxb1 Ne4 17. g3 Bxh4 18. gxh4 Nd2 19. Qd3 Nxf1+ 20. Rxf1 gxh3 21. Kxh3 O-O-O 22. b4 Rhg8 23. b5 c5 24. c4 dxc4 25. Qxc4 Rd2 26. Bf3 Qe7 27. Qe4 Qxh4+ 28. Kxh4 Rh2# 0-1

[Event "Early-Titled-Tuesday-Blitz-November-28-2023"]
[Site "Chess.com"]
[Date "2023.11.28"]
[Round "1"]
[White "DenisQ"]
[Black "Magila31"]
[Result "1/2-1/2"]
[WhiteElo "2642"]
[BlackElo "2359"]
[TimeControl "180+1"]
[EndTime "8:06:15 PST"]
[Termination "Game drawn by agreement"]

1. Nf3 g6 2. g3 Bg7 3. Bg2 Nf6 4.
O-O O-O 5. c4 c6 6. Nc3 d5 7. cxd5 cxd5 8. d4 Ne4 9. Ne5 Nxc3 10. bxc3 Nd7 11. Nxd7 Qxd7 12. Qb3 Rd8 13. e4 dxe4 14.
Bxe4 Qc7 15. Bf4 e5 16. Bxe5 Bxe5 17. dxe5 Qxe5 18. Rfe1 Qc7 19. Bd5 a5 20. Re3 a4 21.
Qc4 Qxc4 22. Bxc4 Ra5 23. Rae1 Rc5 24. Bf1 Be6 25. a3 Rdc8 26. Rc1 Kg7 27. Bg2 b6 28. h4 h5 29. Be4 Bd5 30. Bxd5 Rxd5 31. Rb1 Rdc5 32. Rxb6 1/2-1/2

[Event "Early-Titled-Tuesday-Blitz-November-28-2023"]
[Site "Chess.com"]
[Date "2023.11.28"]
[Round "1"]
[White "Orishuas"]
[Black "kingofthenil"]
[Result "0-1"]
[WhiteElo "2385"]
[BlackElo "2706"]
[TimeControl "180+1"]
[EndTime "8:06:17 PST"]
[Termination "kingofthenil won on time"]

1. e4 Nc6 2. Nf3 d5 3. exd5 Qxd5 4. Nc3 Qh5 5. Be2 Bg4 6. d4 O-O-O 7. Be3 e5 8. d5 Nf6 9. dxc6 Rxd1+ 10. Rxd1 Bb4 11. cxb7+ Kxb7 12. h3 e4 13. Nd4 Bxc3+ 14. bxc3 Bxe2 15. Nxe2 Qb5 16. Nd4 Qc4 17. Ne2 c5 18. Rd2 Nd5 19.
O-O Kc6 20. Rfd1 Nxe3 21. fxe3 Re8 22. Nf4 Qxc3 23. Rd6+ Kb5 24. Nd5 Qxc2 25. Nc7+ Kc4 26. R1d2 Qc1+ 27. Kh2 Re5 28. Na6 Qa3 29. Nb8 Qxe3 30.
Nd7 Re6 31. R6d5 Qxd2 32. Rxd2 e3 33. Rd1 e2 34. Re1 Re7 35. Nb8 Kd3 36. Nc6 Re6 37. Na5 Kd2 0-1

[Event "Early-Titled-Tuesday-Blitz-November-28-2023"]
[Site "Chess.com"]
[Date "2023.11.28"]
[Round "1"]
[White "Iskusnyh"]
[Black "Dewarfd"]
[Result "1-0"]
[WhiteElo "2547"]
[BlackElo "2122"]
[TimeControl "180+1"]
[EndTime "8:06:17 PST"]
[Termination "Iskusnyh won on time"]

1. d4 d5 2. c4 e6 3. Nf3 c5 4.
cxd5 exd5 5. g3 Nc6 6. Bg2 Nf6 7. O-O Be7 8. dxc5 Bxc5 9. a3 O-O 10. b4 Bb6 11.
Nc3 Be6 12. Na4 Ne4 13. Nxb6 axb6 14. Bb2 Re8 15. Nd4 Nxd4 16. Qxd4 Nf6 17. Rfc1 Rc8 18. Rxc8 Bxc8 19. Rc1 Rxe2 20. Bxd5 Qe8 21. Bf3 Re1+ 22. Rxe1 Qxe1+ 23. Kg2 Qe8 24. Qxb6 h6 25. Bxf6 gxf6 26.
Qxf6 Be6 27. Qxh6 Qa4 28. Qe3 Qb5 29. h4 1-0

[Event "Early-Titled-Tuesday-Blitz-November-28-2023"]
[Site "Chess.com"]
[Date "2023.11.28"]
[Round "1"]
[White "SnekkerAndersen"]
[Black "kkpanu9"]
[Result "1-0"]
[WhiteElo "2537"]
[BlackElo "2040"]
[TimeControl "180+1"]
[EndTime "8:06:17 PST"]
[Termination "SnekkerAndersen won on time"]

1. d4 Nf6 2. c4 e6 3. Nf3 d5 4. g3 Be7 5. Bg2 O-O 6. O-O c6 7. b3 Nbd7 8. Bb2 b6 9. Nc3 Ba6 10. Nd2 b5 11. cxb5 cxb5 12. Re1 b4 13. Na4 Bb5 14.
e4 Bxa4 15. bxa4 Rc8 16. a3 bxa3 17. Bxa3 Bxa3 18. Rxa3 dxe4 19. Nxe4 Nxe4 20. Bxe4 Nf6 21.
Bf3 Nd5 22. Rb3 Qa5 23. Rb5 Qd8 24. Bxd5 exd5 25. Qf3 Qd7 26. Qxd5 Qg4 27. Qe4 Qd7 28. Reb1 g6 29. Qd5 Qg4 30. Rb7 Rc2 31. Rf1 1-0

[Event "Early-Titled-Tuesday-Blitz-November-28-2023"]
[Site "Chess.com"]
[Date "2023.11.28"]
[Round "1"]
[White "Iball95"]
[Black "tomesao"]
[Result "1/2-1/2"]
[WhiteElo "2855"]
[BlackElo "2492"]
[TimeControl "180+1"]
[EndTime "8:06:18 PST"]
[Termination "Game drawn by repetition"]

1. e4 c6 2. d4 d5 3. exd5 cxd5 4.
c4 Nf6 5. Nc3 Nc6 6. Nf3 Bg4 7.
cxd5 Nxd5 8. h3 Bxf3 9. Qxf3 e6 10. Bb5 Be7 11. O-O O-O 12. Nxd5 Qxd5 13. Qxd5 exd5 14.
Be3 Bf6 15. Rfd1 Rac8 16. Rac1 a6 17. Ba4 Rfd8 18. Kf1 Nb4 19. Bb3 Rxc1 20. Rxc1 Nc6 21. Rd1 Na5 22. Bc2 Nc4 23. Bc1 g6 24. b3 Nd6 25.
Be3 Rc8 26. Bd3 Nb5 27. Bxb5 axb5 28. Ke2 Rc2+ 29. Rd2 Rxd2+ 30. Kxd2 Kf8 31. Kc3 Be7 32. Bf4 Ke8 33. f3 Kd7 34. g4 Kc6 35. Kd3 Bd8 36.
Be5 Bg5 37. Bg3 Bc1 38. Be5 Bg5 39. Bg3 Bc1 40. Bh4 Bb2 41. Bg5 Ba3 42. Bh6 Bd6 43.
h4 Be7 44. h5 Kd7 45. hxg6 hxg6 46. Bf4 Kc6 47. Be5 Bf8 48. Ke3 Bh6+ 49. Bf4 Bg7 50. Be5 Bh6+ 51. Kd3 Bf8 52. Bf6 Bd6 53. Bg7 Be7 54.
Be5 Bf8 1/2-1/2

[Event "Early-Titled-Tuesday-Blitz-November-28-2023"]
[Site "Chess.com"]
[Date "2023.11.28"]
[Round "1"]
[White "GothamChess"]
[Black "Eloist"]
[Result "1-0"]
[WhiteElo "2698"]
[BlackElo "2394"]
[TimeControl "180+1"]
[EndTime "8:06:19 PST"]
[Termination "GothamChess won on time"]

1. d4 e6 2. Bf4 Nf6 3. Nc3 d5 4. Nb5 Na6 5. e3 c6 6. Nc3 Bb4 7. Ne2 O-O 8. g4 Re8 9. a3 Bd6 10. Bxd6 Qxd6 11. g5 Ne4 12. Nxe4 dxe4 13. Ng3 e5 14. Bg2 exd4 15. Qxd4 Qxd4 16. exd4 e3 17. f4 Nc7 18. O-O-O Bg4 19. Rd3 Nd5 20. Bxd5 cxd5 21. h3 Bd7 22. Re1 Bxh3 23. Rdxe3 Kf8 24. Re5 f6 25.
gxf6 gxf6 26. Rxe8+ Rxe8 27. Rh1 Bg4 28. Rxh7 Re3 29.
Nh5 Re1+ 30. Kd2 Rd1+ 31. Kc3 Bxh5 32. Rxh5 Rf1 33. Rxd5 Rxf4 34. Rd7 a5 35. Rxb7 Rf3+ 36. Kc4 f5 37. Rb5 1-0

[Event "Early-Titled-Tuesday-Blitz-November-28-2023"]
[Site "Chess.com"]
[Date "2023.11.28"]
[Round "1"]
[White "LaPiToB"]
[Black "MKlose11"]
[Result "0-1"]
[WhiteElo "2271"]
[BlackElo "2604"]
[TimeControl "180+1"]
[EndTime "8:06:20 PST"]
[Termination "MKlose11 won by resignation"]

1. c4 Nf6 2. Nc3 g6 3. g3 c5 4.
Bg2 Nc6 5. e4 d6 6. Nge2 Bd7 7.
d3 Bg7 8. h3 O-O 9. O-O Ne8 10.
Be3 Nc7 11. d4 cxd4 12. Nxd4 Rc8 13. Rc1 Ne6 14. Nde2 Qa5 15. b3 Rfe8 16. Qd2 h5 17.
f4 Nc5 18. Nd4 Nxd4 19. Bxd4 Bxd4+ 20. Qxd4 Ne6 21. Qd2 Bc6 22. f5 Qc5+ 23. Kh2 Qd4 24. Qe2 Nc5 25. Rfd1 Qe5 26. fxg6 fxg6 27. Nd5 h4 28.
Qg4 Qxg3+ 29. Qxg3 hxg3+ 30. Kxg3 Bxd5 31. exd5 Nd7 32.
h4 Ne5 33. Bh3 Rc5 34. Rc2 b5 35. Be6+ Kg7 36. Rdc1 bxc4 37. b4 Rb5 38. a3 a5 39. bxa5 Rxa5 40. Rc3 Rea8 41. Kf4 Rxa3 42. Ke4 Rxc3 43. Rxc3 Ra1 44. Rg3 Rh1 0-1

[Event "Early-Titled-Tuesday-Blitz-November-28-2023"]
[Site "Chess.com"]
[Date "2023.11.28"]
[Round "1"]
[White "Kovalyov_Eduard"]
[Black "kuli4ik"]
[Result "0-1"]
[WhiteElo "2477"]
[BlackElo "2859"]
[TimeControl "180+1"]
[EndTime "8:06:23 PST"]
[Termination "kuli4ik won on time"]

1. d4 g6 2. e4 Bg7 3. Nc3 a6 4. Nf3 d6 5. Be2 Nf6 6. O-O O-O 7. Re1 Nc6 8. d5 Na7 9. a4 Bd7 10. Bc4 Bg4 11. h3 Bxf3 12. Qxf3 Nd7 13. Qe2 a5 14. Bg5 Nc8 15. Bb3 Ncb6 16. f4 c6 17. dxc6 bxc6 18. Rad1 Nc5 19. e5 d5 20. Qf2 Nbd7 21. Ba2 Rb8 22.
Rb1 Re8 23. Kh1 Qb6 24. Qd2 Qb4 25. Red1 Ne6 26. Bh4 Qxf4 27. Qxf4 Nxf4 28. Bg3 Bxe5 29. Re1 Bd6 30. Bb3 Nc5 31. Rbd1 Nxb3 32. cxb3 Rxb3 33.
Rd2 Reb8 34. Rf1 e5 35. Rff2 f5 36. Bh4 Ne6 37. Bf6 e4 38. Ne2 e3 0-1

[Event "Early-Titled-Tuesday-Blitz-November-28-2023"]
[Site "Chess.com"]
[Date "2023.11.28"]
[Round "1"]
[White "K_A_S_T_O_R"]
[Black "DeArron_Fox"]
[Result "1-0"]
[WhiteElo "2849"]
[BlackElo "2468"]
[TimeControl "180+1"]
[EndTime "8:06:24 PST"]
[Termination "K_A_S_T_O_R won by resignation"]

1. e4 c5 2. Nf3 e6 3. d4 cxd4 4.
Nxd4 a6 5. Bd3 Bc5 6. Nb3 Ba7 7.
O-O Ne7 8. Qe2 O-O 9. Be3 Bxe3 10. Qxe3 Nbc6 11. c4 d5 12. cxd5 exd5 13. e5 Bf5 14. Re1 Bxd3 15. Qxd3 Ng6 16. Qg3 Ngxe5 17. Rxe5 Nxe5 18. Qxe5 Re8 19. Qc3 Rc8 20. Qd2 Rc2 21. Qd1 Qf6 22. N1d2 Qxb2 23. Nf3 Rxf2 24. Nbd2 Ree2 25.
Rc1 Rxg2+ 26. Kh1 g6 27. Rc2 Qa3 28. Rc8+ Kg7 29. Qa1+ Kh6 30. Qd4 Qe3 31. Qxe3+ Rxe3 32. Kxg2 1-0

[Event "Early-Titled-Tuesday-Blitz-November-28-2023"]
[Site "Chess.com"]
[Date "2023.11.28"]
[Round "1"]
[White "LeoLV10"]
[Black "PattyCastillo"]
[Result "1-0"]
[WhiteElo "2533"]
[BlackElo "2012"]
[TimeControl "180+1"]
[EndTime "8:06:24 PST"]
[Termination "LeoLV10 won by checkmate"]

1. e4 c5 2. Nf3 d6 3. d4 cxd4 4. Nxd4 Nf6 5. Nc3 a6 6. Bg5 e6 7. f4 h6 8. Bh4 Qb6 9. a3 Be7 10. Bf2 Qc7 11. Be2 Nbd7 12. Bf3 Rb8 13. Qd2 b5 14. g4 Bb7 15. h4 d5 16. e5 Ne4 17. Bxe4 dxe4 18. Be3 Bc5 19. O-O-O Rd8 20. Rhe1 O-O 21. h5 Nb6 22. Qf2 Nc4 23. g5 Nxe3 24. Qxe3 Qb6 25. Nce2 b4 26. axb4 Bxb4 27. c3 Rc8 28. gxh6 gxh6 29. Rg1+ Kh7 30. Rg3 Rg8 31. Rdg1 Rxg3 32. Qxg3 Bf8 33. Qg8# 1-0

[Event "Early-Titled-Tuesday-Blitz-November-28-2023"]
[Site "Chess.com"]
[Date "2023.11.28"]
[Round "1"]
[White "DvaHrasta"]
[Black "Nitzan_Steinberg"]
[Result "0-1"]
[WhiteElo "2499"]
[BlackElo "2912"]
[TimeControl "180+1"]
[EndTime "8:06:26 PST"]
[Termination "Nitzan_Steinberg won on time"]

1. c4 e5 2. g3 Nf6 3. Bg2 Nc6 4. Nf3 Bc5 5. O-O d6 6. e3 a6 7. d4 Ba7 8. h3 O-O 9. a3 Re8 10. b4 e4 11. Nfd2 Bf5 12. Nc3 h5 13. Bb2 Qd7 14.
Kh2 Bg6 15. Rc1 Rad8 16. Ne2 Ne7 17. Nf4 Nf5 18. Nb3 c6 19. d5 Qe7 20. Nd4 cxd5 21. cxd5 Nh6 22. Nxg6 fxg6 23. Ne6 Rc8 24. Nf4 Qf7 25. Qb3 g5 26. Ne6 g4 27. h4 Nf5 28.
Bxf6 Qxf6 29. Bxe4 Nxh4 30. gxh4 Qxh4+ 31. Kg1 g3 32. fxg3 Qxg3+ 33. Bg2 Bxe3+ 34. Qxe3 Qxe3+ 0-1

[Event "Early-Titled-Tuesday-Blitz-November-28-2023"]
[Site "Chess.com"]
[Date "2023.11.28"]
[Round "1"]
[White "HanSchut"]
[Black "Leo_C"]
[Result "0-1"]
[WhiteElo "2306"]
[BlackElo "2621"]
[TimeControl "180+1"]
[EndTime "8:06:27 PST"]
[Termination "Leo_C won on time"]

1. e4 e5 2. Nf3 Nc6 3. Bc4 Bc5 4.
c3 Nf6 5. d4 exd4 6. b4 Be7 7. e5 Ne4 8. b5 Na5 9. Bd3 Nxc3 10.
Nxc3 dxc3 11. Qa4 b6 12. O-O Bb7 13. Qg4 g6 14. Bh6 c5 15. Rad1 Qc7 16. Rfe1 O-O-O 17. Ng5 Bd5 18. a4 f6 19. exf6 Bxf6 20. Be4 Bxe4 21.
Nxe4 Be5 22. f4 Bd4+ 23. Kh1 Nc4 24. f5 gxf5 25. Qxf5 Be5 26. Qf7 d5 27. Qf5+ Qd7 28.
Qxd7+ Rxd7 29. Ng5 d4 30. Nf3 Bc7 0-1

[Event "Early-Titled-Tuesday-Blitz-November-28-2023"]
[Site "Chess.com"]
[Date "2023.11.28"]
[Round "1"]
[White "Alexander_Donchenko"]
[Black "secretsuperstar7"]
[Result "1-0"]
[WhiteElo "2864"]
[BlackElo "2489"]
[TimeControl "180+1"]
[EndTime "8:06:28 PST"]
[Termination "Alexander_Donchenko won by resignation"]

1. d4 Nf6 2. c4 e6 3. g3 d5 4. Bg2 c6 5. Nf3 Nbd7 6. O-O dxc4 7.
a4 Bd6 8. Na3 Bxa3 9. Rxa3 O-O 10. Qc2 b5 11. Rd1 b4 12. Ra1 Ba6 13. e4 Qb6 14. Be3 c5 15. Ne5 Nxe5 16. dxe5 Ne8 17. Bf1 Bb7 18. Bxc4 Qc6 19. Bb5 b3 20. Qc4 Qxe4 21.
Qxe4 Bxe4 22. Bxc5 Nc7 23. Bxf8 Kxf8 24. Rd4 Bd5 25. Bc4 Rb8 26. Bxd5 Nxd5 27. Rc1 Ke7 28.
Kf1 Rb6 29. Ke2 f6 30. exf6+ gxf6 31. Rc8 Kd6 32. Rh4 Ra6 33. Rb8 Rc6 34. Rxb3 Rc2+ 35.
Kf1 Rc1+ 36. Kg2 f5 37. Rxh7 f4 38. Rxa7 Rc2 39. a5 Ne3+ 40. Kf3 Nd1 41. Rd3+ 1-0

[Event "Early-Titled-Tuesday-Blitz-November-28-2023"]
[Site "Chess.com"]
[Date "2023.11.28"]
[Round "1"]
[White "chess_blitz00"]
[Black "jcibarra"]
[Result "0-1"]
[WhiteElo "2499"]
[BlackElo "2903"]
[TimeControl "180+1"]
[EndTime "8:06:30 PST"]
[Termination "jcibarra won by resignation"]

1. d4 Nf6 2. Nf3 g6 3. c4 d6 4. Nc3 Bf5 5. g3 Ne4 6. Bg2 Nxc3 7. bxc3 Be4 8. O-O Bg7 9. Qb3 O-O 10. Ba3 b6 11. c5 Nc6 12. Qa4 Qe8 13. Rad1 Na5 14.
Qxe8 Rfxe8 15. cxd6 cxd6 16. Nd2 Bxg2 17. Kxg2 Rac8 18. Bb2 d5 19. f3 Bh6 20. f4 e6 21.
e4 dxe4 22. Nxe4 Red8 23. Kf3 Bg7 24. Ba1 Rd5 25. Ke3 Rc4 26. Kd3 Ra4 27. Rf2 h6 28.
Rb2 Bxd4 29. cxd4 Rdxd4+ 30. Kc2 Rac4+ 31. Nc3 Rxc3+ 32. Kxc3 Rxd1 33. Kb4 Rxa1 0-1

[Event "Early-Titled-Tuesday-Blitz-November-28-2023"]
[Site "Chess.com"]
[Date "2023.11.28"]
[Round "1"]
[White "patzersame"]
[Black "Casablanca"]
[Result "1-0"]
[WhiteElo "2355"]
[BlackElo "2627"]
[TimeControl "180+1"]
[EndTime "8:06:31 PST"]
[Termination "patzersame won by resignation"]

1. e4 d6 2. d4 Nf6 3. Nc3 c6 4.
Bd3 g6 5. f3 Bg7 6. a4 a5 7.
Nge2 Na6 8. O-O Nb4 9. Bg5 h6 10. Bh4 Qb6 11. Kh1 O-O 12. h3 e5 13. dxe5 dxe5 14. f4 exf4 15. Nxf4 g5 16. e5 Nd7 17. Bf2 Qc7 18. e6 Ne5 19. exf7+ Rxf7 20. Nh5 Nexd3 21.
cxd3 Bh8 22. Bg3 Rxf1+ 23. Qxf1 Qf7 24. Qe2 Bf5 25. Rf1 Qe6 26. Qxe6+ Bxe6 27. Nf6+ Kg7 28.
Nfe4 Nxd3 29. Rd1 Nf4 30. Rd6 Kf7 31. Nc5 Bf5 32. Rxh6 Bd4 33. Nxb7 Bg6 34. h4 g4 35. Bxf4 Bg7 36. Nd6+ Kf6 37. Bg5+ 1-0